[Event "Titled Tuesday Blitz August 1 Late 2023"]
[White "Navyblue1"]
[Black "Fernandez Siles, Luis"]
[BlackFideId "2209420"]
[WhiteElo "1938"]
[BlackElo "2295"]
[Result "1/2-1/2"]
[Round "6"]
[TimeControl "180+1"]
[Date "2023.08.01"]
[WhiteClock "0:00:05"]
[BlackClock "0:00:04"]
[Board "132"]

1. d4 f5 2. e4 fxe4 3. Nc3 Nf6 4. Bg5 Nc6 5. d5 Ne5 6. Qe2 Nf7 7. Bxf6 exf6 8. Qxe4+ Qe7 9. O-O-O Qxe4 10. Nxe4 Nd6 11. Bd3 Nxe4 12. Bxe4 Bc5 13. Rd2 O-O 14. Nf3 d6 15. Nd4 Bxd4 16. Rxd4 Bd7 17. Bd3 Rfe8 18. Kd2 Re5 19. f4 Re7 20. Rg1 Rae8 21. g4 g6 22. h4 Kg7 23. f5 Re5 24. fxg6 hxg6 25. g5 fxg5 26. hxg5 Rf8 27. Rg2 Bf5 28. Rc4 Rf7 29. Bxf5 Rexf5 30. Kc3 Rxd5 31. Kb3 c5 32. Rcg4 b5 33. c3 a5 34. a4 b4 35. cxb4 axb4 36. Kc4 Rdf5 37. a5 Ra7 38. Kb5 Rff7 39. Rd2 Rfb7+ 40. Kc6 Rc7+ 41. Kb6 Rd7 42. a6 Kf7 43. Re4 d5 44. Re5 Ra8 45. Kxc5 Rxa6 46. Kxb4 d4 47. Re4 d3 48. Re3 Rb6+ 49. Kc3 Rc6+ 50. Kb3 Rcd6 51. Kc3 Rc7+ 52. Kb3 Rb6+ 53. Ka2 Ra7+ 54. Kb1 Ra5 55. Rdxd3 Rxg5 56. Rf3+ Kg7 57. Rd7+ Kh6 58. Rh3+ Rh5 59. Rg3 Rf6 60. Rdd3 Rh4 61. Ka2 g5 62. b3 Kh5 63. Ka3 g4 64. b4 Rf5 65. Ka4 Rh1 66. b5 Ra1+ 67. Ra3 Rxa3+ 68. Rxa3 Kh4 69. b6 g3 70. b7 Rf8 71. Rb3 g2 72. Rb1 Rb8 73. Ka5 Rxb7 74. Rxb7 g1=Q 75. Rh7+ Kg3 76. Rg7+ Kf2 77. Rxg1 Kxg1 1/2-1/2


[Site "https://www.chess.com"]

[Event "Titled Tuesday Blitz August 1 Late 2023"]
[White "Ramadoss, Ashokkumar"]
[Black "Perez, Maximiliano"]
[WhiteFideId "5040990"]
[BlackFideId "117234"]
[WhiteElo "2302"]
[BlackElo "2542"]
[Result "0-1"]
[Round "6"]
[TimeControl "180+1"]
[Date "2023.08.01"]
[WhiteClock "0:02:08"]
[BlackClock "0:02:49"]
[Board "133"]

1. Nf3 Nf6 2. c4 e6 3. d4 d5 4. Nc3 dxc4 5. e3 c5 6. Bxc4 cxd4 7. exd4 Be7 8. O-O O-O 9. Qe2 Nc6 10. Rd1 a6 11. Bg5 b5 12. Bd3 Nb4 13. Bxf6 Bxf6 14. Qe4 Nxd3 15. Qxa8 Nxb2 16. Rd3 Nxd3 0-1


[Site "https://www.chess.com"]

[Event "Titled Tuesday Blitz August 1 Late 2023"]
[White "Stanisz, Patryk"]
[Black "ElenGajger"]
[WhiteFideId "1123106"]
[WhiteElo "2297"]
[BlackElo "2536"]
[Result "0-1"]
[Round "6"]
[TimeControl "180+1"]
[Date "2023.08.01"]
[WhiteClock "0:00:51"]
[BlackClock "0:01:07"]
[Board "134"]

1. d4 Nf6 2. c4 g6 3. Nc3 d5 4. Nf3 Bg7 5. Qb3 dxc4 6. Qxc4 a6 7. Bf4 b5 8. Qxc7 Qxc7 9. Bxc7 Nc6 10. e3 Bb7 11. Be2 Rc8 12. Be5 Nxe5 13. Nxe5 Bxg2 14. Rg1 Bb7 15. f3 Nd5 16. Nxd5 Bxd5 17. b3 O-O 18. Kd2 Rfd8 19. f4 f6 20. Nd3 e5 21. fxe5 fxe5 22. dxe5 Be4 23. Rac1 Rxc1 24. Rxc1 Bxe5 25. h4 Bf6 26. h5 g5 27. Rf1 Be7 28. Rd1 Kg7 29. Kc2 Kh6 30. Kc3 Bf6+ 31. Kb4 g4 32. Nf4 Rxd1 33. Bxd1 g3 34. Ka5 Bg5 35. Nh3 Bxe3 36. Kxa6 Bf5 37. Kxb5 Bxh3 38. Bf3 Kg5 39. a4 Kf4 40. Bc6 Bd7 41. Bxd7 g2 42. a5 g1=Q 43. b4 0-1


[Site "https://www.chess.com"]

[Event "Titled Tuesday Blitz August 1 Late 2023"]
[White "Miguelitro69"]
[Black "Castro Silva, Moises Antonio"]
[BlackFideId "3909794"]
[WhiteElo "2290"]
[BlackElo "2446"]
[Result "1-0"]
[Round "6"]
[TimeControl "180+1"]
[Date "2023.08.01"]
[WhiteClock "0:00:10"]
[BlackClock "0:00:02"]
[Board "135"]

1. e4 c5 2. Nf3 Nc6 3. d4 cxd4 4. Nxd4 Nf6 5. Nc3 e5 6. Nb3 Bb4 7. Bd3 d5 8. exd5 Nxd5 9. O-O Nxc3 10. bxc3 Be7 11. Qh5 g6 12. Qh6 Bf8 13. Qe3 Bg7 14. Ba3 f5 15. Rad1 Qf6 16. Rfe1 Bd7 17. Nc5 O-O-O 18. Rb1 b6 19. Ba6+ Kc7 20. Nb7 Bc8 21. Nxd8 Bxa6 22. Nxc6 Qxc6 23. Qg5 Bf6 24. Qg3 f4 25. Qh3 Bc8 26. Qd3 Rd8 27. Qe2 Bf5 28. Qa6 Kb8 29. c4 Bxc2 30. Rb2 Bd3 31. Rc1 Bxc4 32. Qa5 e4 33. Rb4 Be2 34. Qa4 Qxa4 35. Rxa4 Bd4 36. Rxd4 Rxd4 37. Bb2 e3 38. Bxd4 exf2+ 39. Kxf2 Bb5 40. g3 Kb7 41. gxf4 Bc4 42. Ke3 Bxa2 43. Rc3 Be6 44. Ra3 a5 45. Rc3 b5 46. Rc1 b4 47. Rc5 Ka6 48. Rc6+ Kb5 49. Rxe6 a4 50. Rb6+ Kc4 51. Rb8 Kb3 52. Bc5 1-0


[Site "https://www.chess.com"]

[Event "Titled Tuesday Blitz August 1 Late 2023"]
[White "Omariev, Maksim"]
[Black "Chemin, Justo Reinaldo"]
[WhiteFideId "4193423"]
[BlackFideId "2101580"]
[WhiteElo "2443"]
[BlackElo "2271"]
[Result "1-0"]
[Round "6"]
[TimeControl "180+1"]
[Date "2023.08.01"]
[WhiteClock "0:00:14"]
[BlackClock "0:00:00"]
[Board "136"]

1. g4 e5 2. Bg2 d6 3. h3 Nc6 4. c3 h5 5. gxh5 Rxh5 6. d4 Nf6 7. Nf3 e4 8. Ng5 d5 9. h4 Ng4 10. Bf4 Bd6 11. Qd2 f6 12. Nxe4 dxe4 13. Bxe4 f5 14. Bf3 Rh8 15. Bg5 Be7 16. Na3 Bxg5 17. hxg5 Rxh1+ 18. Bxh1 Qe7 19. Nc2 Bd7 20. f3 Nh2 21. O-O-O O-O-O 22. Bg2 Rh8 23. Rh1 Rh4 24. Ne1 f4 25. Nd3 Qxg5 26. Ne1 Qg3 27. d5 Ne5 28. Qd4 Qg5 29. Qxa7 Bh3 30. Rxh2 Bxg2 31. Rxg2 Qe7 32. Qa8+ Kd7 33. Qxb7 Rh6 34. Nc2 Rb6 35. Qa8 Nc4 36. Qa4+ c6 37. Qxc4 cxd5 38. Qxd5+ Rd6 39. Qb5+ Kd8 40. Rg5 Qd7 41. Qxd7+ Kxd7 42. Nd4 Ke7 43. Rf5 Rh6 44. Rxf4 Rh1+ 45. Kc2 Re1 46. Rg4 Ra1 47. Kb3 Re1 48. Rxg7+ Kd6 49. Rg4 Kd5 50. Re4 Rd1 51. a4 Ra1 52. Kb4 Ra2 53. b3 Kd6 54. a5 Kd5 55. Kb5 Kd6 56. c4 Ra3 57. b4 Ra1 58. a6 Kc7 59. c5 Kb8 60. Kb6 Rb1 61. b5 Kc8 62. Re7 Kd8 63. Nc6+ 1-0


[Site "https://www.chess.com"]

[Event "Titled Tuesday Blitz August 1 Late 2023"]
[White "Sala, Giulia"]
[Black "Bazilius, Augustinas"]
[WhiteFideId "2840451"]
[BlackFideId "12832251"]
[WhiteElo "2267"]
[BlackElo "2440"]
[Result "1-0"]
[Round "6"]
[TimeControl "180+1"]
[Date "2023.08.01"]
[WhiteClock "0:00:48"]
[BlackClock "0:00:00"]
[Board "137"]

1. e4 e6 2. d4 d5 3. Nc3 Nf6 4. Bg5 Bb4 5. e5 h6 6. Bd2 Bxc3 7. bxc3 Ne4 8. Qg4 Kf8 9. h4 c5 10. Bd3 Nxd2 11. Kxd2 c4 12. Be2 b5 13. Rh3 a5 14. Rg3 Rg8 15. Nh3 b4 16. Rf3 Qe7 17. Nf4 bxc3+ 18. Ke3 Ke8 19. Nh5 Qf8 20. Rb1 Nc6 21. Rb6 Bd7 22. Rb7 Rb8 23. Rxb8+ Nxb8 24. Rg3 Kd8 25. Nxg7 Kc8 26. Nxe6 Rxg4 27. Nxf8 Rxg3+ 28. fxg3 Bf5 29. g4 Bxc2 30. g5 hxg5 31. h5 Nd7 32. Bg4 Ba4 33. h6 Kc7 34. Nxd7 c2 35. Kd2 c3+ 36. Kc1 Bb5 37. h7 1-0


[Site "https://www.chess.com"]

[Event "Titled Tuesday Blitz August 1 Late 2023"]
[White "Clawitter, Craig"]
[Black "Sathish, Pranav"]
[WhiteFideId "2023105"]
[BlackFideId "30967538"]
[WhiteElo "2263"]
[BlackElo "2426"]
[Result "0-1"]
[Round "6"]
[TimeControl "180+1"]
[Date "2023.08.01"]
[WhiteClock "0:00:00"]
[BlackClock "0:00:34"]
[Board "138"]

1. e4 c5 2. Nf3 Nc6 3. d4 cxd4 4. Nxd4 e5 5. Nb5 d6 6. N1c3 a6 7. Na3 Be7 8. Nc4 b5 9. Ne3 Nf6 10. Ned5 O-O 11. Nxe7+ Qxe7 12. Bg5 Be6 13. Nd5 Bxd5 14. exd5 Nb8 15. c4 bxc4 16. Bxc4 Nbd7 17. O-O h6 18. Be3 Rfb8 19. b3 Nb6 20. Rc1 Qb7 21. f4 Nbxd5 22. Bd2 e4 23. Kh1 Re8 24. f5 e3 25. Be1 e2 26. Bxe2 Ne3 27. Bf3 d5 28. Qd3 Nxf1 29. Qxf1 Rac8 30. Rd1 Qb5 31. Qg1 Ne4 32. Bh4 Qc5 33. Qf1 Qe3 34. Re1 Qf4 35. Bxe4 Qxf1+ 36. Rxf1 dxe4 37. f6 g5 38. Bg3 e3 39. Re1 e2 40. Kg1 Re6 41. Kf2 Rc2 42. h4 Rxf6+ 43. Ke3 Re6+ 44. Kf2 Rxa2 45. hxg5 hxg5 46. b4 Rd2 0-1


[Site "https://www.chess.com"]

[Event "Titled Tuesday Blitz August 1 Late 2023"]
[White "Cardozo Munar, Carlos Eduardo"]
[Black "Rodriguez, Santiago"]
[WhiteFideId "4409477"]
[BlackFideId "3000591"]
[WhiteElo "2255"]
[BlackElo "2420"]
[Result "1-0"]
[Round "6"]
[TimeControl "180+1"]
[Date "2023.08.01"]
[WhiteClock "0:00:06"]
[BlackClock "0:00:00"]
[Board "139"]

1. d4 g6 2. Bg5 Bg7 3. Nf3 c5 4. c3 Qb6 5. Qb3 Nc6 6. Qxb6 axb6 7. e3 d5 8. Nbd2 c4 9. e4 dxe4 10. Nxe4 b5 11. a3 Bg4 12. Be2 Nf6 13. Nxf6+ exf6 14. Be3 O-O 15. h3 Be6 16. O-O-O Bd5 17. Rhg1 Rfe8 18. Nh2 Na5 19. Bf3 Nb3+ 20. Kc2 Bc6 21. Rge1 f5 22. Bf4 Re4 23. Bxe4 Bxe4+ 24. Rxe4 fxe4 25. Re1 f5 26. Nf1 Kf7 27. Ne3 Ke6 28. g4 fxg4 29. hxg4 Rf8 30. Bg3 Bh6 31. a4 Bxe3 32. Rxe3 Kd5 33. axb5 h5 34. gxh5 gxh5 35. Re1 Rf5 36. Rg1 Rf3 37. Rh1 Rf5 38. Rh4 Na1+ 39. Kb1 Nb3 40. Ka2 Nd2 41. Ka3 Nf3 42. Rh1 h4 43. Bc7 Rf7 44. b6 Rh7 45. Kb4 h3 46. Kb5 h2 47. Kb4 Rh3 48. Kb5 Rh6 49. Kb4 e3 50. fxe3 Ke4 51. Bxh2 Nxh2 52. Kxc4 Kxe3 53. Re1+ Kd2 54. Re7 Rxb6 55. d5 Ng4 56. b4 Rd6 57. Kc5 Rd8 58. c4 Kc3 59. Rxb7 Ne3 60. d6 Nxc4 61. b5 Ne5 62. Re7 Nc4 63. Re6 Na3 64. b6 Nc4 65. b7 Na5 66. Kb6 Nc4+ 67. Kc7 Rg8 68. b8=Q Rxb8 69. Kxb8 Kb4 70. d7 Kc5 71. d8=Q Nb6 72. Qxb6+ 1-0


[Site "https://www.chess.com"]

[Event "Titled Tuesday Blitz August 1 Late 2023"]
[White "Necromon"]
[Black "Celestino, Rafael Teixeira"]
[BlackFideId "2108925"]
[WhiteElo "2390"]
[BlackElo "2232"]
[Result "1-0"]
[Round "6"]
[TimeControl "180+1"]
[Date "2023.08.01"]
[WhiteClock "0:00:34"]
[BlackClock "0:00:05"]
[Board "140"]

1. Nf3 Nf6 2. b3 g6 3. Bb2 Bg7 4. c4 O-O 5. g3 d5 6. cxd5 Qxd5 7. Nc3 Qa5 8. Bg2 Bg4 9. O-O c6 10. d3 Nbd7 11. Nd2 Rfd8 12. Nc4 Qc7 13. Rc1 Ne5 14. Nb5 cxb5 15. Nxe5 Qb6 16. Nxg4 Nxg4 17. Bxg7 Kxg7 18. h3 Nf6 19. Qd2 b4 20. Rc4 a5 21. Rfc1 Rd7 22. Qf4 Qe6 23. Kf1 Nd5 24. Bxd5 Qxd5 25. Qe4 Qxe4 26. Rxe4 f5 27. Rec4 Kf7 28. d4 b5 29. Rc5 Rxd4 30. R1c2 a4 31. Rxb5 axb3 32. axb3 Ra1+ 33. Kg2 Rb1 34. Rc7 Rxb3 35. Re5 Re4 36. Rcxe7+ Kf6 37. Rxe4 fxe4 38. Rxe4 Rb2 39. e3 Kf5 40. Rd4 b3 41. Rb4 Ke5 42. Kf3 g5 43. Kg4 h6 44. Kh5 Kd5 45. Kxh6 Kc5 46. Rb8 Kc4 47. f4 gxf4 48. exf4 Rh2 49. g4 Rxh3+ 50. Kg6 Rh2 51. f5 b2 52. g5 Kc3 53. f6 Rh4 54. Rxb2 Kxb2 55. f7 Rf4 56. Kg7 Kc3 57. f8=Q 1-0


[Site "https://www.chess.com"]

[Event "Titled Tuesday Blitz August 1 Late 2023"]
[White "Uzcategui Rodriguez, Alejandro"]
[Black "Broca Jimenez, Fernando"]
[WhiteFideId "3903400"]
[BlackFideId "5104742"]
[WhiteElo "2382"]
[BlackElo "2230"]
[Result "1-0"]
[Round "6"]
[TimeControl "180+1"]
[Date "2023.08.01"]
[WhiteClock "0:00:20"]
[BlackClock "0:00:00"]
[Board "141"]

1. d4 Nf6 2. Nf3 b6 3. Bg5 Bb7 4. Nbd2 d5 5. e3 Ne4 6. Nxe4 dxe4 7. Nd2 h6 8. Bh4 g5 9. Bg3 Bg7 10. Qh5 c5 11. Bb5+ Bc6 12. Bc4 Bd5 13. Bb5+ Bc6 14. Bc4 Bd5 15. Bxd5 Qxd5 16. c4 Qe6 17. d5 Qg6 18. Qxg6 fxg6 19. O-O-O O-O 20. Nxe4 Nd7 21. Kc2 Rae8 22. Nc3 Be5 23. f3 h5 24. Bxe5 Nxe5 25. b3 g4 26. f4 Nd7 27. g3 Kg7 28. e4 g5 29. Rhf1 Kg6 30. e5 Nb8 31. Ne4 gxf4 32. gxf4 Na6 33. d6 Nb4+ 34. Kb1 exd6 35. Nxd6 Rd8 36. f5+ Kg5 37. e6 Nc6 38. Nf7+ Rxf7 39. exf7 Kf6 40. Rxd8 Nxd8 41. Rd1 1-0


[Site "https://www.chess.com"]

[Event "Titled Tuesday Blitz August 1 Late 2023"]
[White "Da Matta, Eduardo Cesar"]
[Black "KorolDimitriy75"]
[WhiteFideId "2193108"]
[WhiteElo "2224"]
[BlackElo "2363"]
[Result "1-0"]
[Round "6"]
[TimeControl "180+1"]
[Date "2023.08.01"]
[WhiteClock "0:00:05"]
[BlackClock "0:00:00"]
[Board "142"]

1. d4 Nf6 2. c4 c5 3. d5 b5 4. cxb5 a6 5. bxa6 g6 6. Nc3 Bxa6 7. e4 Bxf1 8. Kxf1 d6 9. g3 Bg7 10. Kg2 O-O 11. Nf3 Nbd7 12. a4 Qb8 13. Qe2 Qb4 14. Ra3 Nb6 15. Qc2 Rfb8 16. Bd2 Nc4 17. Ra2 Nxd2 18. Nxd2 Nd7 19. Rc1 c4 20. Ra3 Nc5 21. Na2 Qxb2 22. Nxc4 Qxc2 23. Rxc2 Nxa4 24. Re2 Rc8 25. Ne3 Nc5 26. Rxa8 Rxa8 27. f3 Ra4 28. Rc2 h5 29. Nc4 Bf6 30. Nb6 Ra3 31. Nb4 Kg7 32. Nc6 Nd3 33. Nc4 1-0


[Site "https://www.chess.com"]

[Event "Titled Tuesday Blitz August 1 Late 2023"]
[White "Rodriguez Santiago, Jaime"]
[Black "UgarteCesar"]
[WhiteFideId "3100898"]
[WhiteElo "2351"]
[BlackElo "2220"]
[Result "0-1"]
[Round "6"]
[TimeControl "180+1"]
[Date "2023.08.01"]
[WhiteClock "0:00:00"]
[BlackClock "0:00:45"]
[Board "143"]

1. c4 e6 2. d4 d5 3. Nc3 h6 4. cxd5 exd5 5. Bf4 c6 6. e3 Bd6 7. Bxd6 Qxd6 8. f4 Nf6 9. Nf3 Bg4 10. Bd3 O-O 11. O-O Nbd7 12. Qc2 Bxf3 13. Rxf3 Rfe8 14. h3 Re7 15. g4 Rae8 16. Qf2 b5 17. g5 hxg5 18. fxg5 Nh5 19. Qh4 g6 20. Raf1 Rxe3 21. Qf2 Rxf3 22. Qxf3 Qg3+ 23. Qxg3 Nxg3 24. Rf3 Nh5 25. Kf2 Nf8 26. a4 a6 27. axb5 axb5 28. Ne2 Ne6 29. h4 Ra8 30. Ke3 Ra2 31. b4 Ra3 32. Kd2 Rb3 33. Re3 Kg7 34. Kc2 Rxb4 35. Kc3 Ra4 36. Re5 Ra3+ 37. Kd2 Nhf4 38. Nxf4 Nxf4 39. Bc2 Ne6 40. h5 gxh5 41. g6 Nxd4 42. Re7 Nxc2 43. gxf7 Kf8 44. Rc7 Nd4 45. Rc8+ Kxf7 0-1


[Site "https://www.chess.com"]

[Event "Titled Tuesday Blitz August 1 Late 2023"]
[White "Awoki, Daniel Teidi"]
[Black "campochess"]
[WhiteFideId "2100827"]
[WhiteElo "2328"]
[BlackElo "2204"]
[Result "0-1"]
[Round "6"]
[TimeControl "180+1"]
[Date "2023.08.01"]
[WhiteClock "0:00:00"]
[BlackClock "0:00:24"]
[Board "144"]

1. d4 c5 2. Nf3 cxd4 3. Nxd4 g6 4. e4 Bg7 5. c4 Nc6 6. Be3 Nf6 7. Nc3 O-O 8. Be2 d6 9. O-O Bd7 10. h3 a6 11. Qc2 Rc8 12. Rad1 Ne5 13. b3 b5 14. cxb5 axb5 15. Bxb5 Nxe4 16. Qxe4 Rxc3 17. Rc1 Qa5 18. Bxd7 Nxd7 19. Rxc3 Qxc3 20. Qxe7 Bxd4 21. Bxd4 Qxd4 22. Qxd7 Qd2 23. a4 Rb8 24. Rb1 Rb4 25. a5 Rf4 26. Qa7 d5 27. Qe3 Qb4 28. a6 Re4 29. a7 Qa5 30. Qd3 Qxa7 31. Qxd5 Re6 32. b4 Rf6 33. Qc5 Qa2 34. Rd1 Rf5 35. Rd8+ Kg7 36. Qf8+ Kf6 37. Rd6+ Kg5 38. Qe7+ Kh6 39. Qf8+ Kg5 40. h4+ Kh5 41. Rd4 Qa1+ 42. Kh2 Qxd4 43. f3 Qxh4+ 44. Kg1 Qd4+ 45. Kh2 Rf4 46. g4+ Kg5 47. Qe7+ f6 48. Qe2 Qxb4 49. Kg3 h5 50. Qh2 Qd6 51. Qh4+ Kh6 52. Kg2 Qd2+ 53. Kg3 Rc4 0-1


[Site "https://www.chess.com"]

[Event "Titled Tuesday Blitz August 1 Late 2023"]
[White "Petersson, Kjell"]
[Black "Ahn, Hongjin"]
[WhiteFideId "1705148"]
[BlackFideId "13201492"]
[WhiteElo "2186"]
[BlackElo "2321"]
[Result "1-0"]
[Round "6"]
[TimeControl "180+1"]
[Date "2023.08.01"]
[WhiteClock "0:00:33"]
[BlackClock "0:00:00"]
[Board "145"]

1. d4 d5 2. Bf4 e6 3. e3 Nf6 4. Nf3 Bd6 5. Bg3 Bxg3 6. hxg3 Qd6 7. Nbd2 O-O 8. Bd3 Nbd7 9. c3 e5 10. dxe5 Nxe5 11. Nxe5 Qxe5 12. Qc2 h6 13. O-O-O c5 14. Nf3 Qe7 15. Qe2 c4 16. Bc2 Be6 17. Nd4 a6 18. f3 b5 19. a3 a5 20. Nxb5 Rfb8 21. a4 Bd7 22. Na3 Qd8 23. e4 Qb6 24. Bb1 Bxa4 25. Rd2 dxe4 26. fxe4 Bb3 27. e5 Nd5 28. Rxd5 Rd8 29. Rxd8+ Rxd8 30. Nxc4 Bxc4 31. Qxc4 Qe3+ 32. Kc2 Qd2+ 33. Kb3 Rb8+ 34. Ka4 Qxb2 35. Rd1 Qa1+ 36. Qa2 Qxa2+ 37. Bxa2 Kf8 38. Rd7 Ra8 39. Rxf7+ Ke8 40. Rxg7 Rd8 41. Rh7 Rd5 42. Bxd5 Kd8 43. e6 1-0


[Site "https://www.chess.com"]

[Event "Titled Tuesday Blitz August 1 Late 2023"]
[White "Gyulamiryan-koryun"]
[Black "Harshal, Shahi"]
[BlackFideId "5048257"]
[WhiteElo "2111"]
[BlackElo "2316"]
[Result "0-1"]
[Round "6"]
[TimeControl "180+1"]
[Date "2023.08.01"]
[WhiteClock "0:00:00"]
[BlackClock "0:00:54"]
[Board "146"]

1. e4 c5 2. Nf3 d6 3. d4 cxd4 4. Nxd4 Nf6 5. Nc3 g6 6. Be3 Bg7 7. Qd2 Ng4 8. f3 Nxe3 9. Qxe3 Nc6 10. O-O-O Qb6 11. Nd5 Bxd4 12. Rxd4 Qxd4 13. Qxd4 Nxd4 14. Nc7+ Kd7 15. Nxa8 b6 16. c3 Nc6 17. Bc4 e6 18. b4 Bb7 19. b5 Ne5 20. Nxb6+ axb6 21. Be2 h5 22. Kb2 Rc8 23. Kb3 d5 24. Rd1 Ke7 25. exd5 Bxd5+ 26. c4 Bxc4+ 27. Bxc4 Nxc4 28. Rd4 Na5+ 29. Kb4 Nb7 30. Rd2 Nd6 31. a4 Rc4+ 32. Kb3 Rf4 33. Rd3 Nb7 34. Rc3 Nc5+ 35. Kc2 Rxa4 36. g3 Ra2+ 37. Kd1 Rxh2 38. Ra3 Rb2 39. Ra7+ Kf6 40. g4 hxg4 41. fxg4 Rxb5 42. g5+ Kg7 43. Ke2 Ne4 44. Ke3 Nxg5 45. Rb7 Nh7 46. Kf4 Nf6 47. Ke3 Rb3+ 48. Kf2 b5 0-1


[Site "https://www.chess.com"]

[Event "Titled Tuesday Blitz August 1 Late 2023"]
[White "Cooper, Aaron"]
[Black "Semenova, Alina"]
[WhiteFideId "2634945"]
[BlackFideId "24113875"]
[WhiteElo "2314"]
[BlackElo "2085"]
[Result "1-0"]
[Round "6"]
[TimeControl "180+1"]
[Date "2023.08.01"]
[WhiteClock "0:00:31"]
[BlackClock "0:00:01"]
[Board "147"]

1. e4 e5 2. f4 d6 3. Nf3 Nc6 4. Bc4 Bg4 5. h3 Bxf3 6. Qxf3 Nd4 7. Qd1 Qh4+ 8. Kf1 Qxf4+ 9. Kg1 Qxe4 10. Nc3 Qxc2 11. Qf1 Nf6 12. Bd3 d5 13. Bxc2 Nxc2 14. Qb5+ c6 15. Qxb7 Bc5+ 16. Kh2 O-O 17. Rb1 e4 18. Rf1 Bd6+ 19. g3 Nd4 20. d3 a5 21. Rxf6 gxf6 22. dxe4 Nf3+ 23. Kg2 Ne1+ 24. Kf1 Bxg3 25. Bh6 Rfe8 26. Qd7 Re6 27. exd5 cxd5 28. Nxd5 f5 29. Ne7+ Rxe7 30. Qxe7 Nf3 31. Kg2 Nh4+ 32. Kxg3 Ng6 33. Qf6 f4+ 34. Kh2 Ra6 35. Qg7# 1-0


[Site "https://www.chess.com"]

[Event "Titled Tuesday Blitz August 1 Late 2023"]
[White "Dominguez Rincon, Miller Duvan"]
[Black "The_Straightforward_Rook"]
[WhiteFideId "4406583"]
[WhiteElo "1972"]
[BlackElo "2310"]
[Result "0-1"]
[Round "6"]
[TimeControl "180+1"]
[Date "2023.08.01"]
[WhiteClock "0:00:00"]
[BlackClock "0:02:10"]
[Board "148"]

1. e4 c5 2. Nf3 Nc6 3. d4 cxd4 4. Nxd4 e5 5. Nb5 d6 6. N1c3 a6 7. Na3 Be7 8. Nd5 Nf6 9. Nxe7 Nxe7 10. Bd3 O-O 11. O-O d5 12. exd5 Nfxd5 13. c3 b5 14. Nc2 Kh8 15. a4 Rb8 16. axb5 axb5 17. Ne3 Be6 18. Nxd5 Nxd5 19. Be4 f5 20. Bxd5 Qxd5 21. Qxd5 Bxd5 22. Re1 e4 23. Be3 b4 24. Bd4 bxc3 25. bxc3 Bc4 26. g3 Bd3 27. Ra7 Rg8 28. Rea1 h5 29. h4 Rb1+ 30. Rxb1 Bxb1 31. Kg2 Bd3 32. Rf7 Kh7 33. Rxf5 Kh8 34. Rf7 Kh7 35. Rc7 Kg6 36. c4 Kf5 37. c5 g5 38. hxg5 Rxg5 39. Be3 Rg6 40. Re7 Be2 41. Re8 Bf3+ 42. Kh2 Ra6 43. Rf8+ Kg6 44. Kh3 Ra1 0-1


[Site "https://www.chess.com"]

[Event "Titled Tuesday Blitz August 1 Late 2023"]
[White "Vargas, Mauricio"]
[Black "Hoffmann, Asa"]
[WhiteFideId "4404572"]
[BlackFideId "2001470"]
[WhiteElo "1890"]
[BlackElo "2309"]
[Result "0-1"]
[Round "6"]
[TimeControl "180+1"]
[Date "2023.08.01"]
[WhiteClock "0:00:00"]
[BlackClock "0:01:02"]
[Board "149"]

1. e4 d6 2. f4 Nf6 3. Nc3 c6 4. Nf3 Bg4 5. Bc4 e6 6. O-O d5 7. exd5 cxd5 8. Bb5+ Nc6 9. Qe1 Bxf3 10. Rxf3 Bd6 11. f5 Qe7 12. fxe6 fxe6 13. Re3 Kf7 14. b3 Bc5 15. Bb2 Bxe3+ 16. dxe3 Rhd8 17. a4 a6 18. Ba3 Qd7 19. Bd3 Ne5 20. Be2 Rac8 21. Bb2 d4 22. exd4 Qxd4+ 23. Kh1 Qd2 24. Qg3 Ng6 25. Rd1 Qxc2 26. Rxd8 Rxd8 27. Qc7+ Rd7 28. Qc5 Qxb2 29. Bc4 Qxc3 30. Bxe6+ Kxe6 31. Qxc3 Rd1+ 32. Qe1+ Ne4 33. Qxd1 Nf2+ 34. Kg1 Nxd1 35. Kf1 Ne3+ 36. Kf2 Nd5 37. Kf3 Ke5 38. g3 Nge7 39. h4 h5 40. Ke2 Ke4 41. Kd2 Nf5 42. g4 Nd4 0-1


[Site "https://www.chess.com"]

[Event "Titled Tuesday Blitz August 1 Late 2023"]
[White "Joubert, Dantelle"]
[Black "Rego, Pedro Filipe"]
[WhiteFideId "14310813"]
[BlackFideId "1904310"]
[WhiteElo "2051"]
[BlackElo "2335"]
[Result "0-1"]
[Round "6"]
[TimeControl "180+1"]
[Date "2023.08.01"]
[WhiteClock "0:00:00"]
[BlackClock "0:00:12"]
[Board "150"]

1. e4 e5 2. Nf3 Nc6 3. Nc3 g6 4. Nxe5 Nxe5 5. d4 Nc6 6. d5 Nb8 7. f4 Bg7 8. Bc4 d6 9. O-O Ne7 10. e5 O-O 11. Qe2 Nd7 12. exd6 cxd6 13. Be3 Nf5 14. Bf2 Nb6 15. Bb3 Re8 16. Qd3 Qf6 17. Rad1 Bd7 18. g4 Nh4 19. Qg3 g5 20. fxg5 Nf3+ 21. Kg2 Nxg5 22. Bd4 Qg6 23. Bxg7 Kxg7 24. h4 Ne4 25. Nxe4 Qxe4+ 26. Kh3 h5 27. Rf4 Bxg4+ 28. Kh2 Qe2+ 29. Rf2 Qxd1 30. Qf4 Re7 31. Qf6+ Kg8 32. Qxe7 f5 33. Qg5+ Kf7 34. Qh6 Rg8 35. Qe6+ Kg7 36. Qe7+ Kg6 37. Qe6+ Kh7 0-1


[Site "https://www.chess.com"]

[Event "Titled Tuesday Blitz August 1 Late 2023"]
[White "Miranda, Rafael"]
[Black "Akhayan, Ruben"]
[WhiteFideId "130990"]
[BlackFideId "204439"]
[WhiteElo "2615"]
[BlackElo "2286"]
[Result "1-0"]
[Round "6"]
[TimeControl "180+1"]
[Date "2023.08.01"]
[WhiteClock "0:00:25"]
[BlackClock "0:00:15"]
[Board "151"]

1. e4 e5 2. Nf3 Nc6 3. Bb5 a6 4. Ba4 Nf6 5. d3 b5 6. Bb3 Be7 7. Nc3 O-O 8. O-O d6 9. h3 Be6 10. Nd5 Na5 11. Nxf6+ Bxf6 12. Bxe6 fxe6 13. a4 c5 14. axb5 axb5 15. Bd2 Nc6 16. c3 Qd7 17. Qb3 Ne7 18. Bg5 h6 19. Bxf6 gxf6 20. d4 exd4 21. cxd4 c4 22. Qe3 Kh7 23. Nh2 f5 24. d5 exd5 25. exd5 Nxd5 26. Qd2 Nf6 27. Nf3 Ne4 28. Qd5 Rxa1 29. Rxa1 Rf7 30. Nd4 Nf6 31. Qf3 Ne4 32. Ra5 Rf6 33. Nxb5 Qg7 34. Ra7 Rf7 35. Rxf7 Qxf7 36. Nd4 Ng5 37. Qxf5+ Qxf5 38. Nxf5 d5 39. Ne3 d4 40. Nxc4 Ne4 41. f3 Nc5 42. Kf2 Nd3+ 43. Ke2 Nc5 44. g3 Kg6 45. f4 Kf5 46. Kf3 h5 47. g4+ hxg4+ 48. hxg4+ Ke6 49. g5 Kd5 50. Nd2 d3 51. b4 Ne6 52. Ke3 Nd4 53. g6 Nf5+ 54. Kxd3 1-0


[Site "https://www.chess.com"]

[Event "Titled Tuesday Blitz August 1 Late 2023"]
[White "Lacasa Diaz, Jose Antonio"]
[Black "Papp, Petra"]
[WhiteFideId "2203375"]
[BlackFideId "739049"]
[WhiteElo "2292"]
[BlackElo "2419"]
[Result "0-1"]
[Round "6"]
[TimeControl "180+1"]
[Date "2023.08.01"]
[WhiteClock "0:00:16"]
[BlackClock "0:01:22"]
[Board "152"]

1. e4 e5 2. Nf3 Nc6 3. Bb5 a6 4. Bxc6 dxc6 5. O-O Qf6 6. d4 exd4 7. Nxd4 Bd7 8. Nc3 O-O-O 9. Be3 Ne7 10. Qf3 Qxf3 11. Nxf3 f6 12. Rfd1 Ng6 13. h3 Bb4 14. Rd3 Rhe8 15. Nd2 Ne5 16. Rd4 Bc5 17. Ra4 Bxe3 18. fxe3 Bxh3 19. Nf3 Bg4 20. Nxe5 Rxe5 21. Rd4 Ree8 22. Kf2 c5 23. Rd5 b6 24. Kg3 Be6 25. Rd3 Bc4 26. Rxd8+ Rxd8 27. b3 Be6 28. Rd1 Rxd1 29. Nxd1 c4 30. Kf4 cxb3 31. axb3 a5 32. e5 b5 33. exf6 gxf6 34. Nf2 a4 35. bxa4 bxa4 36. Nd3 a3 37. Nc5 a2 38. Nb3 Bxb3 39. cxb3 a1=Q 0-1


[Site "https://www.chess.com"]

[Event "Titled Tuesday Blitz August 1 Late 2023"]
[White "Arias Igual, Alejandro"]
[Black "Mesa Cruz, Juan Carlos"]
[WhiteFideId "2254905"]
[BlackFideId "6423400"]
[WhiteElo "2252"]
[BlackElo "2334"]
[Result "0-1"]
[Round "6"]
[TimeControl "180+1"]
[Date "2023.08.01"]
[WhiteClock "0:00:00"]
[BlackClock "0:00:06"]
[Board "153"]

1. e4 c5 2. Nf3 d6 3. Bb5+ Nd7 4. a4 a6 5. Be2 b6 6. O-O Bb7 7. Nc3 Ngf6 8. d3 e6 9. h3 Be7 10. Bf4 O-O 11. Re1 Ne8 12. Bg3 e5 13. Nd2 Nc7 14. Nc4 g6 15. Bg4 f5 16. exf5 gxf5 17. Bf3 Qc8 18. Bxb7 Qxb7 19. Qh5 Ne6 20. f4 Nf6 21. Qxf5 Nd4 22. Qg5+ Kh8 23. fxe5 Rg8 24. Qd2 Rxg3 25. Re3 Rag8 26. Rxg3 Rxg3 27. Kh1 Rxh3+ 28. Kg1 Rg3 29. Kh1 Ng4 0-1


[Site "https://www.chess.com"]